 Dungeon Crawl Stone Soup version 0.21.1-1-g345015f (webtiles) character file.

98 tidbits the Sneak (level 4, -1/48 HPs)
             Began as a Gnoll Enchanter on June 12, 2018.
             Was an Initiate of Cheibriados.
             Slain by Grinder (6 damage)
             ... on level 4 of the Dungeon.
             The game lasted 00:06:12 (764 turns).

tidbits the Sneak (Gnoll Enchanter)                  Turns: 764, Time: 00:06:13

Health: -1/48      AC:  2    Str: 15    XL:     4   Next: 71%
Magic:  2/11       EV: 15    Int: 19    God:    Cheibriados [......]
Gold:   91         SH:  0    Dex: 16    Spells: 4/13 levels left

rFire    . . .     SeeInvis .   a - +1 dagger
rCold    . . .     Gourm    .   (no shield)
rNeg     . . .     Faith    .   b - +0 robe
rPois    .         Spirit   .   (no helmet)
rElec    .         Reflect  .   (no cloak)
rCorr    .         Harm     .   (no gloves)
MR       .....                  (no boots)
Stlth    ..........             (no amulet)
HPRegen  0.16/turn              o - -2 ring of strength (curse)
MPRegen  0.12/turn              (no ring)

@: berserking, very slow
A: distributed training, fangs 1, strong nose
a: Bend Time, Renounce Religion


You were on level 4 of the Dungeon.
You worshipped Cheibriados.
Cheibriados was noncommittal.
You were not hungry.

You visited 1 branch of the dungeon, and saw 4 of its levels.

You collected 91 gold pieces.

Inventory:

Hand Weapons
 a - a +1 dagger (weapon)
Missiles
 e - 47 stones (quivered)
 l - 20 arrows
 n - 20 bolts
Armour
 b - a +0 robe (worn)
Jewellery
 o - a cursed -2 ring of strength (left hand)
   (You found it on level 3 of the Dungeon)
Scrolls
 f - a scroll of random uselessness
 h - 2 scrolls of teleportation
 i - a scroll of enchant weapon
 j - a scroll of enchant armour {unknown}
 r - 2 scrolls of remove curse
Potions
 g - a potion of haste
 m - 2 potions of curing
Books
 c - a book of Maledictions

   Spells                             Type                      Level
   a - Corona                         Hexes                        1
   b - Ensorcelled Hibernation        Hexes/Ice                    2
   c - Confuse                        Hexes                        3
   d - Tukima's Dance                 Hexes                        3
   e - Dazzling Spray                 Conjuration/Hexes            3
Comestibles
 d - 7 rations


   Skills:
 + Level 1.2 Fighting
 + Level 2.8 Short Blades
 + Level 1.2 Long Blades
 + Level 1.2 Axes
 + Level 1.2 Maces & Flails
 + Level 1.2 Polearms
 + Level 1.2 Staves
 + Level 1.2 Slings
 + Level 1.2 Bows
 + Level 1.2 Crossbows
 + Level 1.2 Throwing
 + Level 1.2 Armour
 + Level 4.6 Dodging
 + Level 6.0 Stealth
 + Level 1.2 Shields
 + Level 1.2 Unarmed Combat
 + Level 5.1 Spellcasting
 + Level 1.0 Conjurations
 + Level 5.5 Hexes
 + Level 1.0 Charms
 + Level 1.0 Summonings
 + Level 1.0 Necromancy
 + Level 1.0 Translocations
 + Level 1.0 Transmutations
 + Level 1.0 Fire Magic
 + Level 1.0 Ice Magic
 + Level 1.0 Air Magic
 + Level 1.0 Earth Magic
 + Level 1.0 Poison Magic
 + Level 1.3 Invocations
 + Level 1.2 Evocations


You had 4 spell levels left.
You knew the following spells:

 Your Spells              Type           Power        Failure   Level  Hunger
a - Corona                Hex            ####...      1%          1    None
c - Confuse               Hex            ####....     3%          3    ##.....
d - Dazzling Spray        Conj/Hex       ###...       10%         3    ##.....
e - Ensorcelled Hibernat  Hex/Ice        ###...       4%          2    #......


Dungeon Overview and Level Annotations

Branches:
Dungeon (4/15)
 Temple: D:4-7

Altars:
Cheibriados
Nemelex Xobeh

Annotations:
D:4 Grinder


Innate Abilities, Weirdness & Mutations

Your experience applies equally to all skills.
You have very sharp teeth.
Your uncanny sense of smell can sniff out nearby items.


Message History

i - a scroll of enchant weapon
Found 23 bolts.
Unknown command.
What are your orders? t - Bark!
Orders for allies: a - Attack new target. r - Retreat! s - Stop attacking. g - Guard the area. f - Follow me.
Anything else - Cancel.
You bark for attention!
The jackal barks! x2
A bat comes into view.
The jackal bites you but does no damage.
The jackal barely misses you. The jackal misses you.
There is a stone staircase leading down here.
Casting: Confuse
Confirm with . or Enter, or press ? or * to list all spells.
Aiming: Ensorcelled Hibernation
Press: ? - help, Shift-Dir - straight line, f - jackal
Aim: a jackal (chance to defeat MR: 65%)
You miscast Ensorcelled Hibernation.
You are very lightly contaminated with residual magic.
A chill runs through your body.
The jackal bites you but does no damage.
You hit the jackal but do no damage. The jackal closely misses you.
The jackal misses you. The jackal bites you.
You climb downwards.
Found 11 gold pieces.
There is a stone staircase leading up here.
Unknown command.
You hit the jackal. You bite the jackal, but do no damage.
The jackal is almost dead.
The jackal bites you.
You hit the jackal but do no damage.
The jackal is almost dead.
The jackal barely misses you. The jackal closely misses you.
You hit the jackal.
You kill the jackal!
Cheibriados thoroughly appreciates the change of pace.
You see here 11 gold pieces.
You now have 91 gold pieces (gained 11).
Found 8 gold pieces.
Grinder comes into view.
Unknown command.
Your magical contamination has completely faded away.
Grinder says, "Wait up."
You see here 8 gold pieces.
Casting: Ensorcelled Hibernation
Confirm with . or Enter, or press ? or * to list all spells.
Aiming: Confuse
Press: ? - help, Shift-Dir - straight line, f - Grinder
Aim: Grinder (chance to defeat MR: 54%) Grinder resists with significant effort.
Casting: Confuse
Confirm with . or Enter, or press ? or * to list all spells.
Aiming: Confuse
Press: ? - help, Shift-Dir - straight line, f/p - Grinder
Aim: Grinder (chance to defeat MR: 54%) Grinder appears confused.
You strike the helpless Grinder from behind!
You impale Grinder!!
Grinder is heavily wounded.
Grinder hits you!
* * * LOW HITPOINT WARNING * * *
You hit Grinder. Your bite misses Grinder.
Grinder is heavily wounded.
Grinder hits you!
* * * LOW HITPOINT WARNING * * *
You feel much better.
You hit Grinder.
Grinder is heavily wounded.
Grinder misses you. Grinder hits you.
You writhe in agony.
You barely miss Grinder.
Grinder is heavily wounded.
You hit Grinder but do no damage.
Grinder is heavily wounded.
Grinder barely misses you. Grinder hits you!
* * * LOW HITPOINT WARNING * * *
You hit Grinder but do no damage.
Grinder is heavily wounded.
Grinder closely misses you.
You hit Grinder but do no damage.
Grinder is heavily wounded.
Grinder seems less confused.
Grinder closely misses you.
Unknown command.
It was a potion of berserk rage.
A red film seems to cover your vision as you go berserk!
Cheibriados protects you from inadvertent hurry.
You feel mighty! Grinder hits you.
* * * LOW HITPOINT WARNING * * *
You writhe in agony.
* * * LOW HITPOINT WARNING * * *
You closely miss Grinder.
Grinder is heavily wounded.
Grinder hits you.
* * * LOW HITPOINT WARNING * * *
You writhe in agony.
You die...

#.# #.# #.#
#.# #.# ∆
#.# ∆ #5# .
#@##. #.#.#
#.#.. #.#.#
#.#.#
.######.#.#
........$.#
#######.###
#.#


You could see Grinder.

Vanquished Creatures
  A centaur skeleton (D:3)
  4 adders
  An adder zombie (D:3)
  A worm (D:3)
  2 leopard geckos
  A ball python (D:3)
  A giant cockroach (D:1)
  7 goblins
  A hobgoblin (D:3)
  A jackal (D:4)
  A quokka (D:3)
  A bat (D:1)
  2 frilled lizards (D:2)
  2 kobolds
  5 rats
31 creatures vanquished.

Notes
Turn   | Place    | Note
-------+----------+-------------------------------------------
     0 | D:1      | tidbits the Gnoll Enchanter began the quest for the Orb.
     0 | D:1      | Reached XP level 1. HP: 13/13 MP: 6/6
   113 | D:1      | Reached XP level 2. HP: 13/19 MP: 3/7
   151 | D:1      | Learned a level 2 spell: Ensorcelled Hibernation
   318 | D:2      | Reached XP level 3. HP: 21/25 MP: 6/9
   327 | D:2      | Learned a level 3 spell: Confuse
   331 | D:2      | Learned a level 3 spell: Dazzling Spray
   363 | D:2      | Reached skill level 6 in Stealth
   363 | D:2      | Reached skill level 5 in Spellcasting
   449 | D:2      | Found a sparkling altar of Nemelex Xobeh.
   449 | D:2      | Found a snail-covered altar of Cheibriados.
   454 | D:2      | Became a worshipper of Cheibriados the Contemplative
   574 | D:3      | Reached skill level 1 in Invocations
   615 | D:3      | Reached skill level 1 in Fighting
   615 | D:3      | Reached skill level 1 in Long Blades
   615 | D:3      | Reached skill level 1 in Axes
   615 | D:3      | Reached skill level 1 in Maces & Flails
   615 | D:3      | Reached skill level 1 in Polearms
   615 | D:3      | Reached skill level 1 in Staves
   615 | D:3      | Reached skill level 1 in Slings
   615 | D:3      | Reached skill level 1 in Bows
   615 | D:3      | Reached skill level 1 in Crossbows
   615 | D:3      | Reached skill level 1 in Throwing
   615 | D:3      | Reached skill level 1 in Armour
   615 | D:3      | Reached skill level 1 in Shields
   615 | D:3      | Reached skill level 1 in Unarmed Combat
   615 | D:3      | Reached skill level 1 in Evocations
   645 | D:3      | Reached XP level 4. HP: 15/32 MP: 6/11
   693 | D:3      | Reached skill level 1 in Conjurations
   693 | D:3      | Reached skill level 1 in Charms
   693 | D:3      | Reached skill level 1 in Summonings
   693 | D:3      | Reached skill level 1 in Necromancy
   693 | D:3      | Reached skill level 1 in Translocations
   693 | D:3      | Reached skill level 1 in Transmutations
   693 | D:3      | Reached skill level 1 in Fire Magic
   693 | D:3      | Reached skill level 1 in Ice Magic
   693 | D:3      | Reached skill level 1 in Air Magic
   693 | D:3      | Reached skill level 1 in Earth Magic
   693 | D:3      | Reached skill level 1 in Poison Magic
   744 | D:4      | Noticed Grinder
   764 | D:4      | Slain by Grinder

Skill      XL: |  1  2  3  4 |
---------------+-------------+-----
Stealth        | 6 |  6.0
Spellcasting   | 5 |  5.1
Invocations    | 1 |  1.3
Fighting       | 1 |  1.2
Long Blades    | 1 |  1.2
Axes           | 1 |  1.2
Maces & Flails | 1 |  1.2
Polearms       | 1 |  1.2
Staves         | 1 |  1.2
Slings         | 1 |  1.2
Bows           | 1 |  1.2
Crossbows      | 1 |  1.2
Throwing       | 1 |  1.2
Armour         | 1 |  1.2
Shields        | 1 |  1.2
Unarmed Combat | 1 |  1.2
Evocations     | 1 |  1.2
Conjurations   | 1 |  1.0
Charms         | 1 |  1.0
Summonings     | 1 |  1.0
Necromancy     | 1 |  1.0
Translocations | 1 |  1.0
Transmutations | 1 |  1.0
Fire Magic     | 1 |  1.0
Ice Magic      | 1 |  1.0
Air Magic      | 1 |  1.0
Earth Magic    | 1 |  1.0
Poison Magic   | 1 |  1.0
Short Blades   | |  2.8
Dodging        | |  4.6
Hexes          | |  5.5

Action                   |  1- 3 |  4- 6 || total
-------------------------+-------+-------++-------
Melee: Dagger            |    72 |    28 ||   100
       Bite              |     7 |     3 ||    10
 Cast: Corona            |    13 |       ||    13
       Ensorcelled Hiber |     9 |     3 ||    12
       Confuse           |       |     4 ||     4
  Use: Scroll            |     7 |     1 ||     8
       Potion            |       |     3 ||     3
 Stab: Sleeping          |     9 |     1 ||    10
       Confused          |       |     2 ||     2
Armor: Robe              |     4 |     4 ||     8
Dodge: Dodged            |    58 |    24 ||    82

Table legend:
 A = Turns spent in this place as a percentage of turns spent in the entire game.
 B = Non-inter-level travel turns spent in this place as a percentage of non-inter-level travel turns spent in the entire game.
 C = Inter-level travel turns spent in this place as a percentage of turns spent in this place.
 D = Turns resting spent in this place as a percentage of non-inter-level travel turns spent in this place.
 E = Turns spent auto-exploring this place as a percentage of non-inter-level travel turns spent in this place.
 F = Non-inter-level travel turns spent in this place divided by the number of levels of this place that you've seen.
                   A       B       C       D       E      F
               +-------+-------+-------+-------+-------+----------------------
         Total | 100.0 | 100.0 |   4.1 |   0.0 |   0.0 | 183.2
       Dungeon | 100.0 | 100.0 |   4.1 |   0.0 |   0.0 | 183.2
               +-------+-------+-------+-------+-------+----------------------

Table legend:
 A = Kills in this place as a percentage of kills in entire the game.
 B = Kills by you in this place as a percentage of kills by you in the entire game.
 C = Kills by friends in this place as a percentage of kills by friends in the entire game.
 D = Other kills in this place as a percentage of other kills in the entire game.
 E = Experience gained in this place as a percentage of experience gained in the entire game.
 F = Experience gained in this place divided by the number of levels of this place that you have seen.
                   A       B       C       D       E      F
               +-------+-------+-------+-------+-------+----------------------
         Total | 100.0 | 100.0 |   N/A |   N/A | 100.0 |  35.2
       Dungeon | 100.0 | 100.0 |   N/A |   N/A | 100.0 |  35.2
               +-------+-------+-------+-------+-------+----------------------

Vault maps used:
D:1:      eino_arrival_cavern_c, supply_closet_lemuel, serial_bayou_lagoon_a
D:2:      gammafunk_temple_overflow_statue, lexackson_kobold_supper
D:3:      old_standard_altar, nicolae_overflow_hidden_temple
D:4:      minmay_temple_entry_statues_pillars, first_ration,
          grunt_decor_one_mirror, st_stairs_13, uniq_grinder
